 Dungeon Crawl Stone Soup version 0.31-a0-702-gf82c85558f (webtiles) character file.

Game seed: 15725025830345618765

700 qw the Shooter (level 7, -10/44 HPs)
             Began as a Gargoyle Hunter on Sept 7, 2023.
             Was an Initiate of Okawaru.
             Mangled by Duvessa
             ... wielding a +4 rapier of electrocution
              (17 damage)
             ... on level 4 of the Dungeon.
             The game lasted 00:01:26 (3717 turns).

qw the Shooter (Gargoyle Hunter)                    Turns: 3717, Time: 00:01:27

Health: -10/44     AC: 16    Str: 15    XL:     7   Next: 65%
Magic:  7/7        EV: 12    Int: 12    God:    Okawaru [......]
Gold:   37         SH:  0    Dex: 15    Spells: 6/6 levels left

rFire   . . .        Y - +1 shortbow
rCold   . . .        (shield currently unavailable)
rNeg    + . .        d - +2 robe
rPois   inf          h - +0 helmet
rElec   +            (no cloak)
rCorr   .            a - +0 pair of gloves
SInv    .            g - +0 pair of boots
Will    .....        (no amulet)
Stlth   ++           k - ring of Foennezi {rPois AC+4 Int+3}
HPRegen 0.27/turn    (no ring)
MPRegen 0.10/turn

%: no passive effects
@: about to teleport
A: sickness immunity, AC +4, negative energy resistance 1, electricity
resistance, torment resistance 1, petrification resistance
a: Renounce Religion


You were on level 4 of the Dungeon.
You worshipped Okawaru.
Okawaru was noncommittal.
You visited 1 branch of the dungeon, and saw 4 of its levels.

You collected 202 gold pieces.
You spent 165 gold pieces at shops.


Innate Abilities, Weirdness & Mutations

You are immune to sickness and miasma.
Your stone body is resilient. (AC +4)
You are immune to poison.
You resist negative energy. (rN+)
You are resistant to electric shocks. (rElec)
You are resistant to unholy torment.
You are immune to petrification.


   Skills:
 - Level 5.5 Fighting
 + Level 7.3 Ranged Weapons
 - Level 2.0 Armour
 - Level 2.1 Dodging
 - Level 1.1 Stealth


You had 6 spell levels left.
You didn't know any spells.
Your spell library was empty.

Inventory:

Hand Weapons
 Y - a +1 shortbow (weapon)
Armour
 a - a +0 pair of gloves (worn)
 d - a +2 robe (worn)
 g - a +0 pair of boots (worn)
 h - a +0 helmet (worn)
Jewellery
 k - the ring of Foennezi (left hand) {rPois AC+4 Int+3}
   (You found it on level 2 of the Dungeon)

   [ring of protection]

   AC+4:      It affects your AC (+4).
   Int+3:     It affects your intelligence (+3).
   rPois:     It protects you from poison
Scrolls
 f - 2 scrolls of identify
 l - a scroll of teleportation
Potions
 b - 2 potions of enlightenment
 c - a potion of heal wounds
 e - a potion of haste
 i - a potion of mutation
 j - a potion of magic {unknown}
 m - a potion of brilliance {unknown}
 o - a potion of might {unknown}
 p - a potion of experience {unknown}

Dungeon Overview and Level Annotations

Branches:
Dungeon (4/15)
 Temple: D:4-7

Altars:
Okawaru
Vehumet

Shops:
D:2 ([?[   D:4 (([*(

Annotations:
D:4 Duvessa


Message History

Okawaru accepts your kill.
You hear a distant scream of rage.
Your Dodging skill increases to level 2!
You start resting.
HP restored.
Things that are here:
a +0 dagger; a +0 robe; the elf corpse of Dowan Duvessa, Sister of Dowan comes into view.
She is wielding a +4 rapier of electrocution.
There is an open door here.
You shoot an arrow. The arrow barely misses Duvessa.
Duvessa goes berserk!
You shoot an arrow. The arrow hits Duvessa.
Duvessa is lightly wounded.
You shoot an arrow. The arrow hits Duvessa.
Duvessa is lightly wounded.
You shoot an arrow. The arrow completely misses Duvessa.
Duvessa closely misses you.
You shoot an arrow. The arrow hits Duvessa.
Duvessa is lightly wounded.
Duvessa hits you with a +4 rapier of electrocution!
You shoot an arrow. The arrow hits Duvessa.
Duvessa is lightly wounded.
Duvessa hits you but does no damage.
Duvessa hits you with a +4 rapier of electrocution!
You shoot an arrow.
The arrow hits Duvessa but does no damage.
Duvessa is lightly wounded.
Duvessa hits you with a +4 rapier of electrocution!
You shoot an arrow. The arrow hits Duvessa.
Duvessa is moderately wounded.
Duvessa hits you with a +4 rapier of electrocution.
Duvessa hits you but does no damage.
You shoot an arrow. The arrow hits Duvessa.
Duvessa is moderately wounded.
Duvessa hits you with a +4 rapier of electrocution!
3717 ||| READING 2 scrolls of teleportation.
As you read the scroll of teleportation, it crumbles to dust.
You feel strangely unstable.
Duvessa hits you with a +4 rapier of electrocution!
You die...

#.....#'#####..######.....
#.....#.........#...#.....
#.....#.........#...#.....
#.....#.........'...#.....
#.....#.........#...#.....
#.....#.........#...#.....
#.....######...######.....
#######.####...#.........#
.......@)....#.........#
......e#.....#.........#
.......#.....'.........#
<......#.....#.........#
....####.....#.........#
.... ###....)#.........'
... #.......#.........# ..
#.......#.........#
#.......#.........#


You could see Duvessa (berserk).

Vanquished Creatures
  Grinder (D:3)
  A black bear (D:4)
  A scorpion (D:4)
  Dowan (D:4)
  4 jellies
  Jessica (D:3)
  Ijyb (D:3)
  4 adders
  4 worms (D:2)
  3 dart slugs (D:2)
  2 orcs (D:4)
  10 ball pythons
  18 endoplasms
  2 giant cockroaches
  8 goblins
  4 hobgoblins
  4 quokkas
  3 bats (D:2)
  A frilled lizard (D:1)
  10 kobolds
  7 rats
90 creatures vanquished.

Notes
Turn   | Place    | Note
-------+----------+-------------------------------------------
     0 | D:1      | qw the Gargoyle Hunter began the quest for the Orb.
     0 | D:1      | Reached XP level 1. HP: 12/12 MP: 1/1
     0 | D:1      | 0 ||| qw: Version: 0.3-a-76-g4403597
     0 | D:1      | 0 ||| qw: Game counter: 834
     0 | D:1      | 0 ||| qw: Melee chars always use a shield: true
     0 | D:1      | 0 ||| qw: God list: Okawaru
     0 | D:1      | 0 ||| qw: Allow faded altars: false
     0 | D:1      | 0 ||| qw: Do Orc after clearing Dungeon:15 true
     0 | D:1      | 0 ||| qw: Do second Lair branch before Depths: true
     0 | D:1      | 0 ||| qw: Lair rune preference: random
     0 | D:1      | 0 ||| qw: Goals: Normal
     0 | D:1      | 0 ||| PLANNING D:1-11
    94 | D:1      | Reached XP level 2. HP: 16/17 MP: 2/2
   646 | D:1      | 646 ||| UPGRADING to +0 ring mail.
   656 | D:1      | 656 ||| DROPPING +0 leather armour.
   657 | D:1      | 657 ||| UPGRADING to +0 pair of boots.
   662 | D:1      | 662 ||| UPGRADING to +0 helmet.
   667 | D:1      | 667 ||| READING 2 scrolls labelled OLUGYL HUNO.
   672 | D:1      | 672 ||| READING 2 scrolls labelled GIW CANASSE.
   673 | D:1      | 673 ||| DRINKING 2 fizzy sapphire potions.
   681 | D:1      | 681 ||| DROPPING scroll of butterflies.
   682 | D:1      | 682 ||| DROPPING potion of ambrosia.
   683 | D:1      | 683 ||| DROPPING scroll of revelation.
   750 | D:2      | Found a radiant altar of Vehumet.
   798 | D:2      | Found a faded altar of an unknown god.
   806 | D:2      | Found Pyorar's Magic Scroll Shoppe.
   827 | D:2      | Reached skill level 1 in Armour
   827 | D:2      | Reached XP level 3. HP: 21/21 MP: 3/3
   840 | D:2      | Found Mufeciny's Weapon Boutique.
   946 | D:2      | Found Jatzu's Antique Armour Emporium.
   953 | D:2      | 953 ||| SHOPLISTING runed robe (88 gold, have 57).
  1000 | D:2      | Reached skill level 5 in Ranged Weapons
  1020 | D:2      | Reached skill level 3 in Fighting
  1020 | D:2      | Reached XP level 4. HP: 28/28 MP: 4/4
  1043 | D:2      | Reached XP level 5. HP: 15/32 MP: 5/5
  1044 | D:2      | HP: 8/32 [frozen (2)]
  1045 | D:2      | 1045 ||| READING scroll of teleportation.
  1046 | D:2      | HP: 1/32 [frozen (4)]
  1189 | D:2      | Found Pammud's Armour Boutique.
  1192 | D:2      | 1192 ||| SHOPLISTING +0 cloak of Daffodils {Int+3} (178
                  | gold, have 57).
  1192 | D:2      | 1192 ||| BUYING +0 pair of gloves (45 gold).
  1192 | D:2      | Bought a +0 pair of gloves for 45 gold pieces
  1391 | D:2      | 1391 ||| Stepping ~*~*~tactically~*~*~ (outnumbered).
  1397 | D:2      | 1397 ||| FLEEEEING.
  1461 | D:2      | 1461 ||| Stepping ~*~*~tactically~*~*~ (water).
  1511 | D:2      | Identified the ring of Foennezi {rPois AC+4 Int+3}
  1601 | D:2      | 1601 ||| FLEEEEING.
  1612 | D:2      | Reached skill level 6 in Ranged Weapons
  1936 | D:2      | 1936 ||| UPGRADING to +0 pair of gloves.
  1941 | D:2      | 1941 ||| UPGRADING to ring of Foennezi {rPois AC+4 Int+3}.
  1942 | D:2      | 1942 ||| READING scroll labelled WEISCH AKIOG.
  1943 | D:2      | 1943 ||| READING scroll labelled JUFAWU GOQI.
  1944 | D:2      | 1944 ||| DRINKING 2 sedimented inky potions.
  1984 | D:3      | Noticed Jessica
  1986 | D:3      | Killed Jessica
  2224 | D:3      | Noticed Grinder
  2228 | D:3      | Paralysed by Grinder for 2 turns
  2248 | D:3      | Killed Grinder
  2249 | D:3      | Reached XP level 6. HP: 26/40 MP: 6/6
  2355 | D:3      | Noticed Ijyb
  2369 | D:3      | Killed Ijyb
  2459 | D:3      | Reached XP level 7. HP: 44/44 MP: 7/7
  2895 | D:3      | 2895 ||| UPGRADING to +2 robe.
  2905 | D:3      | 2905 ||| DROPPING +0 ring mail.
  2906 | D:3      | 2906 ||| READING scroll labelled HUIRUE FOELIF.
  2907 | D:3      | 2907 ||| READING scroll labelled ITYAKO TAMI.
  2908 | D:3      | 2908 ||| READING scroll labelled ROSEUZ GOJE.
  2909 | D:3      | 2909 ||| READING 2 scrolls of identify.
  2909 | D:3      | 2909 ||| IDENTIFYING white potion
  2964 | D:4      | Found Geopteo's General Store.
  2973 | D:4      | 2973 ||| BUYING potion of haste (120 gold).
  2973 | D:4      | Bought a potion of haste for 120 gold pieces
  2973 | D:4      | 2973 ||| SHOPLISTING scroll of teleportation (36 gold, have
                  | 5).
  3072 | D:4      | Found Ruqom's Antique Weapon Shoppe.
  3255 | D:4      | Found Daxar's Armour Emporium.
  3258 | D:4      | 3258 ||| SHOPLISTING +2 robe "Ewilud" {rC- SInv Archmagi}
                  | (289 gold, have 25).
  3273 | D:4      | Found Koxe's Antique Weapon Shop.
  3284 | D:4      | 3284 ||| SHOPLISTING glowing shortbow (186 gold, have 25).
  3284 | D:4      | 3284 ||| SHOPLISTING runed shortbow (186 gold, have 25).
  3322 | D:4      | Reached skill level 7 in Ranged Weapons
  3385 | D:4      | Found an iron altar of Okawaru.
  3386 | D:4      | 3386 ||| PLANNING OKAWARU WORSHIP
  3386 | D:4      | 3386 ||| READING scroll labelled VOUJUCAUWE.
  3387 | D:4      | 3387 ||| DRINKING 2 bubbling emerald potions.
  3422 | D:4      | 3422 ||| READING 2 scrolls of identify.
  3422 | D:4      | 3422 ||| IDENTIFYING green potion
  3423 | D:4      | 3423 ||| DROPPING potion of lignification.
  3431 | D:4      | Became a worshipper of Warmaster Okawaru
  3432 | D:4      | 3432 ||| PLANNING D:1-11
  3562 | D:4      | Found Erphas's Antique Weapon Shoppe.
  3568 | D:4      | 3568 ||| SHOPLISTING runed sling (121 gold, have 25).
  3568 | D:4      | 3568 ||| SHOPLISTING scorched sling (175 gold, have 25).
  3685 | D:4      | Noticed Dowan
  3687 | D:4      | 3687 ||| FLEEEEING.
  3698 | D:4      | Killed Dowan
  3707 | D:4      | Noticed Duvessa
  3716 | D:4      | HP: 7/44 [Duvessa/+4 rapier of electrocution (13)]
  3717 | D:4      | 3717 ||| READING 2 scrolls of teleportation.
  3717 | D:4      | Mangled by Duvessa

Levels and vault maps discovered:
D:1:      psy_arrival_terrarium, layout_loops_ring, minmay_gold_behind_fungi,
          chequers_serial_rivers_small_b
D:2:      cheibrodos_fertilizer, layout_rooms, basic_ecumenical_altar,
          basic_altar, serial_shops, nicolae_shop_real_fake_doors, shop_statue,
          shop, shop, chequers_big_river, st_stairs_9, grunt_decor_mini_mirrors,
          kennysheep_another_room, minivault_11, minmay_quantized
D:3:      layout_loops_corners, uniq_ijyb, uniq_jessica, uniq_grinder
D:4:      layout_gridville, kennysheep_okawaru_gauntlet, serial_shops, shop,
          nicolae_shop_behind_doors, shop, nicolae_shop_just_a_little_nook,
          nicolae_shop_temple_entry_statues_fountains, minmay_diced_spiral,
          uniq_duvessa

Skill      XL: |  1  2  3  4  5  6  7 |
---------------+----------------------+-----
Armour         | 1 2 |  2.0
Ranged Weapons | 5 6 7 |  7.3
Fighting       | 3 5 |  5.5
Dodging        | 2 |  2.1
Stealth        | |  1.1

Action                     |  1- 3 |  4- 6 |  7- 9 || total
---------------------------+-------+-------+-------++-------
   Fire: Shortbow          |   100 |   141 |    77 ||   318
    Use: Scroll            |     2 |     3 |     7 ||    12
         Potion            |     1 |     1 |     1 ||     3
 Armour: Leather armour    |     5 |       |       ||     5
         Ring mail         |     8 |    36 |       ||    44
         Skin              |       |     7 |       ||     7
         Robe              |       |       |    24 ||    24
  Dodge: Dodged            |    30 |    40 |    16 ||    86

Table legend:
 A = Non-vault XP
 B = Vault XP
 C = Vault XP percentage of total XP
 D = Non-vault monster count
 E = Vault monster count
 F = Vault count percentage of total count
                 A         B        C        D         E       F
            +---------+---------+-------+---------+---------+-------
      Total |     308 |     693 |  69.2 |      58 |      32 |  35.6
            +---------+---------+-------+---------+---------+-------
        D:1 |      24 |       0 |   0.0 |      15 |       0 |   0.0
        D:2 |      52 |     162 |  75.7 |      23 |      20 |  46.5
        D:3 |      38 |     345 |  90.1 |      10 |       3 |  23.1
        D:4 |     194 |     186 |  48.9 |      10 |       9 |  47.4
            +---------+---------+-------+---------+---------+-------
